 Dungeon Crawl Stone Soup version 0.18-a0-1773-gec4f98e (webtiles) character file.

335692 epen the Fencer (level 22, -25/206 HPs)
             Began as a Naga Gladiator on Apr 14, 2016.
             Was a High Priest of Makhleb.
             Killed from afar by a titan (47 damage)
             ... with a bolt of lightning
             ... on level 5 of the Vaults.
             The game lasted 03:28:18 (50537 turns).

epen the Fencer (Naga Gladiator)                   Turns: 50537, Time: 03:28:19

Health: -25/206    AC: 47    Str: 31    XL:     22   Next: 21%
Magic:  32/32      EV:  8    Int:  9    God:    Makhleb [*****.]
Gold:   1368       SH: 16    Dex: 13    Spells: 0 memorised, 21 levels left

rFire  . . .     SeeInvis +     j - +10 demon blade "Plog" {drain, +Inv rC- MR+ Stlth+}
rCold  + + .     Gourm    +     y - +5 crystal plate armour
rNeg   . . .     Faith    .     b - +2 shield
rPois  +         Spirit   .     (helmet restricted)
rElec  .         Dismiss  .     e - +2 cloak {MR+}
rCorr  +         Reflect  .     I - +0 pair of gloves of the Elephant {*Contam +Inv rC++ Int+2}
SustAt .         Harm     .     D - +6 naga barding of Protective Custody {rCorr}
MR     +++++     Rnd*Tele +     P - amulet of the gourmand
Stlth  ..........               v - +4 ring of slaying
                                F - ring "Picral" {MR+ Str+6 Int-5}

@: about to teleport, very slightly contaminated, very slow, almost entirely
resistant to hostile enchantments, extremely unstealthy
A: horns 1, stinger 1, see invisible, blink, clever 1, cold resistance 1,
deformed body, mutation resistance 1, poison resistance, slowness 2, slow
metabolism 1, spit poison 2, teleportitis 1, constrict 1, AC +7
a: Spit Poison, Blink, Minor Destruction, Lesser Servant of Makhleb, Major
Destruction, Greater Servant of Makhleb, Renounce Religion, Evoke Invisibility
}: 1/15 runes: decaying


You were on level 5 of the Vaults.
You worshipped Makhleb.
Makhleb was extremely pleased with you.
You were not hungry.

You visited 7 branches of the dungeon, and saw 38 of its levels.
You also visited: Bailey, Volcano and Wizlab.

You collected 4465 gold pieces.
You spent 3097 gold pieces at shops.

Inventory:

Hand Weapons
 j - the +10 demon blade "Plog" (weapon) {drain, +Inv rC- MR+ Stlth+}
   (You found it on level 8 of the Lair of Beasts)

   A truly terrible weapon, it drains the life of those it strikes.
   It makes you vulnerable to cold.
   It affects your resistance to hostile enchantments.
   It lets you turn invisible.
   It makes you more stealthy.
 k - the +6 scimitar of Flaming Death {sticky flame, rPois rF++ rC- MR+}
   (You found it on level 2 of the Lair of Beasts)

   It has been specially enchanted to burn those struck by it, causing extra
   injury to most foes and up to half again as much damage against particularly
   susceptible opponents.
   Big, fiery blades are also staple armaments of hydra-hunters.
   It greatly protects you from fire.
   It makes you vulnerable to cold.
   It protects you from poison.
   It affects your resistance to hostile enchantments.
 J - a +2 demon blade of venom
Missiles
 d - 6 throwing nets (quivered)
Armour
 b - a +2 shield (worn)
 c - a +2 naga barding of flying
 e - a +2 cloak of magic resistance (worn)
 y - a +5 crystal plate armour (worn)
 D - the +6 naga barding of Protective Custody (worn) {rCorr}
   (You acquired it on level 6 of the Dungeon)

   It protects you from acid and corrosion.
 I - the +0 pair of gloves of the Elephant (worn) {*Contam +Inv rC++ Int+2}
   (You acquired it on level 6 of the Dungeon)

   It affects your intelligence (+2).
   It greatly protects you from cold.
   It lets you turn invisible.
   It causes magical contamination when unequipped.
Jewellery
 g - the ring "Zemaluamm" {rElec rF- rC+++ Str+2 Dex+4}
   (You bought it in a shop on level 1 of the Elven Halls)

   [ring of strength]

   It affects your strength (+2).
   It affects your dexterity (+4).
   It makes you vulnerable to fire.
   It renders you almost immune to cold.
   It insulates you from electricity.
 v - a +4 ring of slaying (right hand)
 F - the ring "Picral" (left hand) {MR+ Str+6 Int-5}
   (You bought it in a shop on level 7 of the Dungeon)

   [ring of protection from magic]

   It affects your strength (+6).
   It affects your intelligence (-5).
   It affects your resistance to hostile enchantments.
 P - an amulet of the gourmand (around neck)
Wands
 q - a wand of digging (6/24)
 Z - a wand of disintegration (7/24)
Scrolls
 l - 2 scrolls of vulnerability
 x - 6 scrolls of fear
 E - a scroll of magic mapping
 G - 9 scrolls of fog
 H - 2 scrolls of enchant armour
 L - 3 scrolls of blinking
 M - 2 scrolls of brand weapon
 N - 18 scrolls of identify
 O - 2 scrolls of enchant weapon
 S - 2 scrolls of teleportation
 T - 6 scrolls of recharging
 Y - 7 scrolls of remove curse
Potions
 a - 3 potions of might
 h - 3 potions of agility
 i - a potion of cure mutation
 m - 3 potions of haste
 n - 9 potions of brilliance
 p - 3 potions of cancellation
 s - 16 potions of curing
 t - 7 potions of flight
 w - 4 potions of lignification
 B - 3 potions of resistance
 C - 3 potions of magic
 V - 2 potions of invisibility
 W - 3 potions of berserk rage
 X - 2 potions of ambrosia
Books
 R - a book of Power

   Spells                             Type                      Level
   a - Fulminant Prism                Conjuration/Hexes            4
   b - Iskenderun's Mystic Blast      Conjuration                  4
   c - Venom Bolt                     Conjuration/Poison           5
   d - Bolt of Magma                  Conjuration/Fire/Earth       5
   e - Iron Shot                      Conjuration/Earth            6
   f - Orb of Destruction             Conjuration                  7
   g - Spellforged Servitor           Conjuration/Summoning        7
Comestibles
 f - 20 bread rations
 r - 37 fruits
 u - 16 meat rations
 z - 28 beef jerkies
 A - 3 slices of pizza
 U - a royal jelly


   Skills:
 + Level 14.2 Fighting
 + Level 18.1 Long Blades
 - Level 1.7 Throwing
 * Level 15.1 Armour
 + Level 13.7 Dodging
 - Level 10.0 Stealth
 * Level 12.0 Shields
 * Level 14.4 Invocations
 - Level 6.0 Evocations


You had 21 spell levels left.
You didn't know any spells.

Dungeon Overview and Level Annotations

Branches:
Dungeon (15/15)            Temple (1/1) D:6            Lair (8/8) D:10
  Swamp (4/4) Lair:3       Spider (0/4) Lair:4        Slime (0/6) Lair:8
    Orc (2/2) D:11            Elf (3/3) Orc:2        Vaults (5/5) D:13
  Crypt (0/3) Vaults:2     Depths (0/5) D:15

Altars:
Ashenzari
Cheibriados
Dithmenos
Elyvilon
Fedhas
Gozag
Kikubaaqudgha
Makhleb
Nemelex Xobeh
Okawaru
Pakellas
Qazlal
Ru
Sif Muna
Trog
Vehumet
Xom
Yredelemnul
Zin
The Shining One
Beogh
Lugonu

Shops:
D:4 =   D:7 :***[   D:9 *   D:10 !   D:12 :   Orc:1 =   Orc:2 }%(=   Elf:1 !=
Elf:3 }   Vaults:2 [   Vaults:3 ?

Annotations:
D:4 Menkaure
Elf:2 3 runed doors


Innate Abilities, Weirdness & Mutations

You cannot wear boots.
Your serpentine skin is tough (AC +7).
You have supernaturally acute eyesight.
Armour fits poorly on your strangely shaped body.
Your system is resistant to poisons.
You cover ground very slowly.
You have a slow metabolism.
You can spit poison.
You can use your snake-like lower body to constrict enemies.
You have a pair of small horns on your head.
Your tail ends in a poisonous barb.
You can translocate small distances at will.
Your mind is acute. (Int +2)
Your flesh is cold resistant.
You are somewhat resistant to further mutation.
You are occasionally teleported next to monsters.


Message History

Read which item? (? for menu, Esc to quit)
Blink to where?
Press: ? - help, Dir - move target cursor, p - vault warden You lose your grip on the vault warden.
You are very lightly contaminated with residual magic.
As you read the scroll of blinking, it crumbles to dust.
Found 19 arrows.
Read which item? (? for menu, Esc to quit)
As you read the scroll of teleportation, it crumbles to dust.
You feel strangely unstable.
A titan comes into view.
The storm dragon bites you but does no damage.
You block the storm dragon's attack. The storm dragon tramples you.
* * * LOW HITPOINT WARNING * * *
You stumble backwards!
Found an ornate deck of cards.
The titan shouts!
The titan gestures at you while chanting.
The bolt of lightning hits you!
You die...

#.....#......# #..#
#.....#......# #...#...
#..cp. #....#. #....#.
##[[)## #..#.. #....#
#!2[)c# #... ##...#
#)..((# #..( ##....###
#(ep[%# ###...
#....#..####..(####..#..
#...#.(@.##....(##)...#.
#..#....D.#....)#......#
#1.#......#.....#......#
#WW##}...#.......#...)##
#p.###..#....#....#..###
#W.# ###C...###....#####
#W.. C....## ##......))
..........## ##.....))
..######### ########


You could see a titan and a storm dragon.

Vanquished Creatures
  Mara (Elf:3)
  the Lernaean hydra (Swamp:4)
  2 tentacled monstrosities (Vaults:5)
  A deep elf master archer (Elf:3)
  Frances (D:13)
  Gastronok (Lair:1)
  The ghost of Moloch the Wrestler, an adept DrFi of Ru (Elf:1)
  A storm dragon (D:13)
  3 thorn hunters
  Donald (Orc:2)
  4 fire giants
  Louise (Swamp:3)
  9 vault wardens
  3 deep elf sorcerers
  Aizul (Swamp:4)
  A war gargoyle (Vaults:5)
  A deep elf elementalist (Vaults:3)
  3 very ugly things
  5 stone giants
  9 ironheart preservers
  3 salamander stormcallers
  6 deep elf demonologists (Elf:3)
  12 purple draconians (WizLab)
  A dire elephant (D:15)
  8 deep elf annihilators
  9 statues (WizLab)
  4 ettins
  An ettin (shapeshifter) (Elf:1)
  3 deep elf death magi
  16 vault guards
  2 deep elf high priests (Elf:3)
  A jiangshi (Vaults:2)
  2 great orbs of eyes
  3 fire dragons
  12 ogre magi
  34 hydras
  3 yaktaur captains
  6 centaur warriors
  Erica (D:11)
  2 ghost crabs
  9 alligators
  3 death knights
  10 dancing weapons
  A tengu warrior (D:14)
  A vampire mage (Vaults:2)
  9 death yaks
  Sonja (D:13)
  19 deep elf knights
  2 skeletal warriors (Vaults:3)
  An iron troll (D:15)
  5 deep trolls
  A small abomination (Elf:3)
  6 unseen horrors
  An obsidian statue (D:13)
  3 fire crabs
  12 swamp dragons
  A flayed ghost (Vaults:5)
  A shambling mangrove (Swamp:2)
  Pikel (D:6)
  11 deep elf archers
  3 harpies (Vaults:3)
  3 phantasmal warriors
  A wolf spider (Vaults:1)
  16 ironbrand convokers
  4 orc knights
  A harpy (shapeshifter) (Vaults:4)
  15 hill giants
  A wizard (Vaults:2)
  53 ugly things
  A frost giant zombie (Vaults:3)
  3 oklob plants (Lair:8)
  6 griffons
  3 necromancers
  5 orc sorcerers
  A tengu skeleton (Vaults:4)
  74 deep elf magi
  A manticore (D:13)
  A wolf spider zombie (D:14)
  5 hornets
  A fire giant skeleton (Vaults:4)
  8 salamanders
  3 centaur zombies
  6 cyclopes
  A stone giant skeleton (Vaults:3)
  23 elephants
  7 black mambas
  21 spiny frogs
  3 gargoyles
  14 vault sentinels
  7 centaur skeletons
  7 rime drakes
  2 yaktaurs (shapeshifter)
  22 yaktaurs
  2 kobold demonologists (Vaults:1)
  11 komodo dragons
  4 freezing wraiths
  A harpy zombie (D:14)
  A merfolk (shapeshifter) (Vaults:4)
  15 trolls
  A merfolk (D:15)
  5 giant leeches
  22 polar bears
  A queen bee (D:12)
  A troll (shapeshifter) (Vaults:3)
  A jumping spider (Vaults:4)
  4 raiju (Lair:8)
  25 two-headed ogres
  25 blink frogs
  2 blink frogs (shapeshifter)
  20 slime creatures
  A two-headed ogre (shapeshifter) (Vaults:4)
  19 bog bodies
  5 boulder beetles
  5 redbacks
  8 wyverns
  2 flying skulls (Volcano)
  A stone giant simulacrum (Vaults:2)
  Sigmund (D:3)
  3 air elementals
  9 spriggans
  2 water elementals (Elf:1)
  A tarantella (Vaults:4)
  An ettin skeleton (Vaults:4)
  5 wraiths
  4 shadows
  5 fire elementals
  A yak (shapeshifter) (Vaults:2)
  3 vampires
  11 basilisks
  57 yaks
  A yaktaur simulacrum (Vaults:3)
  7 ice beasts
  A fire bat (shapeshifter) (Vaults:5)
  18 hippogriffs
  29 vampire mosquitoes
  A hippogriff (shapeshifter) (Elf:3)
  9 wargs
  2 steam dragons
  A hungry ghost (D:7)
  5 mottled dragons
  3 insubstantial wisps (Swamp:1)
  A soldier ant (D:11)
  19 swamp worms
  18 water moccasins
  15 swamp drakes
  4 hell hounds (Lair:8)
  8 porcupines
  32 orc warriors
  21 black bears
  2 human zombies
  An eye of draining (D:14)
  A necrophage (D:11)
  3 phantoms
  2 sky beasts
  12 wasps
  25 wolves
  The ghost of skk the Shield-Bearer, an amateur DsFi (D:3)
  54 ogres
  22 centaurs
  20 crocodiles
  An elf skeleton (Vaults:3)
  8 big kobolds
  25 giant frogs
  A glowing shapeshifter simulacrum (Vaults:2)
  3 earth elementals
  3 scorpions
  A wyvern skeleton (D:14)
  3 troll zombies (Swamp:2)
  An orc simulacrum (Vaults:1)
  2 human simulacra
  18 killer bees
  21 wights
  2 troll skeletons (Swamp:2)
  3 howler monkeys
  9 electric eels
  9 crimson imps
  2 giant frog zombies
  A wasp zombie (D:13)
  3 quasits
  10 orc priests
  3 giant frog skeletons
  14 hounds
  19 orc wizards
  21 iguanas
  4 jellies
  Jessica (D:3)
  9 worker ants
  12 human skeletons (Vaults:2)
  35 sheep
  A hound zombie (D:5)
  2 hound skeletons
  2 mummies (Volcano)
  A worker ant zombie (D:11)
  6 gnolls
  14 adders
  32 river rats
  2 shadow imps
  2 oozes
  2 adder skeletons
  6 worms
  5 dart slugs
  6 giant geckos
  88 orcs
  A ball python (D:2)
  14 bats
  3 giant cockroaches
  20 hobgoblins
  13 jackals
  40 kobolds
  5 quokkas
  A giant gecko skeleton (D:8)
  4 giant newts
  16 goblins
  2 jackal skeletons (D:4)
  12 rats
  2 briar patches (Swamp:3)
  A crawling corpse (Elf:3)
  A fire vortex (Vaults:3)
1770 creatures vanquished.

Vanquished Creatures (collateral kills)
  The ghost of crauler the Shatterer, a veteran OgHu of the Shining One (Elf:2)
  A deep elf blademaster (Elf:3)
  A titan (Vaults:5)
  The ghost of Ijustatesigmund the Bludgeoner, a journeyman OgHu of Okawaru (Elf:1)
  Wiglaf (Vaults:1)
  5 deep elf sorcerers (Elf:3)
  A vault warden (Vaults:5)
  A deep elf elementalist (Elf:3)
  A deep elf annihilator (Elf:3)
  A deep elf demonologist (Elf:3)
  3 deep elf high priests
  2 dancing weapons (Elf:3)
  A spriggan druid (Swamp:3)
  A flayed ghost (Vaults:5)
  12 deep elf magi
  A deep elf archer (Elf:3)
  A yaktaur (Vaults:5)
  A freezing wraith (Vaults:5)
  2 slime creatures (Swamp:3)
  A fire elemental (Elf:3)
  An orc priest (D:11)
  A hound (D:6)
  6 orcs
  A crawling corpse (Elf:3)
48 creatures vanquished.

Vanquished Creatures (others)
  A centaur warrior (Vaults:1)
  An ironbrand convoker (Vaults:3)
  A deep elf mage (Elf:1)
  A yaktaur (Vaults:3)
  2 slaves (D:7)
  3 ogres
  A hound (Lair:8)
  2 orc wizards (D:7)
  A gnoll (Bailey)
  An orc (D:15)
  2 briar patches (Swamp:3)
  A bush (Swamp:4)
  A fire vortex (Vaults:3)
  17 fungi
  29 plants
64 creatures vanquished.

Grand Total: 1882 creatures vanquished

Notes
Turn   | Place    | Note
--------------------------------------------------------------
     0 | D:1      | epen the Naga Gladiator began the quest for the Orb.
     0 | D:1      | Reached XP level 1. HP: 19/19 MP: 1/1
   196 | D:1      | Reached XP level 2. HP: 21/26 MP: 2/2
   648 | D:1      | Reached XP level 3. HP: 32/32 MP: 3/3
  1052 | D:2      | Found a blossoming altar of Fedhas.
  1148 | D:2      | Reached XP level 4. HP: 39/39 MP: 4/4
  1158 | D:2      | Reached skill level 1 in Stealth
  1417 | D:2      | Reached skill level 4 in Long Blades
  1417 | D:2      | Reached XP level 5. HP: 22/45 MP: 5/5
  2051 | D:2      | Found a shattered altar of Ashenzari.
  2773 | D:3      | Noticed Sigmund
  2773 | D:3      | Noticed skk's ghost (amateur DsFi)
  3110 | D:3      | Killed Sigmund
  3110 | D:3      | Reached skill level 5 in Long Blades
  3110 | D:3      | Reached XP level 6. HP: 43/52 MP: 6/6
  3257 | D:3      | Noticed Jessica
  3275 | D:3      | Killed Jessica
  3390 | D:3      | Found a deep blue altar of Sif Muna.
  3891 | D:3      | Found a sparkling altar of Nemelex Xobeh.
  4022 | D:3      | Killed skk's ghost
  4022 | D:3      | Reached XP level 7. HP: 22/60 MP: 7/7
  4861 | D:4      | Reached skill level 5 in Dodging
  5048 | D:4      | Reached skill level 6 in Long Blades
  5237 | D:4      | Noticed Menkaure
  5318 | D:4      | Found Xiluppi's Jewellery Shop.
  5328 | D:4      | Bought a +2 ring of evasion for 110 gold pieces
  5416 | D:4      | Reached skill level 1 in Armour
  5705 | D:5      | Entered Level 5 of the Dungeon
  5743 | D:5      | Reached XP level 8. HP: 60/69 MP: 8/8
  5979 | D:5      | Found a bloodstained altar of Trog.
  6010 | D:5      | Became a worshipper of Trog the Wrathful
  6068 | D:5      | Found an oddly glowing altar of Pakellas.
  7226 | D:6      | Found a staircase to the Ecumenical Temple.
  7256 | D:6      | Reached skill level 1 in Shields
  7352 | D:6      | Reached skill level 7 in Long Blades
  7774 | D:7      | Found Waimneps's General Store.
  7785 | D:7      | Reached XP level 9. HP: 60/78 MP: 9/9
  7806 | D:7      | Bought a potion of curing for 30 gold pieces
  7806 | D:7      | Bought a +0 pair of gloves for 45 gold pieces
  7856 | D:6      | Identified 3 scrolls of acquirement
  7857 | D:6      | Got a spiked naga barding
  7865 | D:6      | Identified the +6 naga barding of Protective Custody {rCorr} (You acquired it on level 6 of the Dungeon)
  7874 | D:6      | Got a pair of slimy gloves
  7885 | D:6      | Identified the +0 pair of gloves of the Elephant {*Contam +Inv rC++ Int+2} (You acquired it on level 6 of the Dungeon)
  8115 | D:7      | Found Dogg's Assorted Antiques.
  8124 | D:7      | Bought a shiny scale mail for 96 gold pieces
  8396 | D:7      | Reached * piety under Trog
  8875 | D:6      | Reached skill level 8 in Long Blades
  8940 | D:7      | Noticed Pikel
  8957 | D:6      | Killed Pikel
  9020 | D:7      | Found Banem's Jewellery Shop.
  9169 | D:7      | Reached XP level 10. HP: 77/87 MP: 10/10
  9171 | D:7      | Reached skill level 5 in Fighting
  9297 | D:7      | Found Panta's Book Shoppe.
  9338 | D:7      | Reached ** piety under Trog
  9344 | D:7      | Found Bonigoh's General Store.
  9347 | D:7      | Bought a scroll of remove curse for 33 gold pieces
  9375 | D:7      | Found Kuraprig's Armour Boutique.
  9388 | D:7      | Reached skill level 9 in Long Blades
  9680 | D:8      | Reached skill level 1 in Evocations
 10036 | D:8      | Found a glowing golden altar of the Shining One.
 10633 | D:9      | Found an opulent altar of Gozag.
 10637 | D:9      | Found Gozag's Platinum Reserve.
 10696 | D:9      | Found an iron altar of Okawaru.
 11262 | D:9      | Reached *** piety under Trog
 11732 | D:10     | Entered Level 10 of the Dungeon
 11743 | D:10     | Noticed a hill giant
 11752 | D:10     | Killed a hill giant
 11752 | D:10     | Reached skill level 5 in Stealth
 11798 | D:10     | Noticed an unseen horror
 11816 | D:10     | Killed an unseen horror
 11816 | D:10     | Reached skill level 10 in Long Blades
 11816 | D:10     | Reached XP level 11. HP: 97/97 MP: 12/12
 11858 | D:10     | Found Bucaad's Distillery.
 11929 | D:10     | Found a staircase to the Lair.
 12082 | D:10     | Noticed a hill giant
 12093 | D:10     | Killed a hill giant
 12181 | D:10     | Noticed a hill giant
 12189 | D:10     | Killed a hill giant
 12454 | D:11     | Found a white marble altar of Elyvilon.
 12497 | D:11     | Noticed a hill giant
 12507 | D:11     | Killed a hill giant
 12756 | Lair:1   | Entered Level 1 of the Lair of Beasts
 12759 | Lair:1   | Noticed a five-headed hydra
 12773 | Lair:1   | Killed a ten-headed hydra
 12844 | Lair:1   | Noticed Gastronok
 12862 | Lair:1   | Killed Gastronok
 12862 | Lair:1   | Reached skill level 5 in Armour
 13015 | Lair:1   | Noticed a seven-headed hydra
 13031 | Lair:1   | Killed a 13-headed hydra
 13031 | Lair:1   | Reached skill level 11 in Long Blades
 13136 | Lair:1   | Reached XP level 12. HP: 100/109 MP: 15/15
 13368 | Lair:1   | Noticed a seven-headed hydra
 13401 | Lair:1   | Reached **** piety under Trog
 13945 | Lair:1   | Killed a 12-headed hydra
 13945 | Lair:1   | Reached skill level 5 in Evocations
 14452 | Lair:2   | Reached ***** piety under Trog
 14972 | Lair:3   | Found a staircase to the Swamp.
 15395 | Lair:3   | Reached skill level 12 in Long Blades
 15638 | Lair:3   | Noticed a death yak
 15638 | Lair:3   | Noticed a death yak
 15638 | Lair:3   | Noticed a death yak
 15638 | Lair:3   | Noticed a death yak
 15639 | Lair:3   | Noticed a death yak
 15641 | Lair:3   | Noticed a death yak
 15655 | Lair:3   | Killed a death yak
 15655 | Lair:3   | Gained mutation: You can use your snake-like lower body to constrict enemies. [Naga growth]
 15655 | Lair:3   | Reached XP level 13. HP: 86/117 MP: 12/16
 15897 | Lair:3   | Received a gift from Trog
 16124 | Lair:3   | Noticed a fire dragon
 16151 | Lair:3   | Killed a fire dragon
 16870 | Lair:3   | Reached skill level 10 in Dodging
 17192 | Lair:4   | Found a hole to the Spider Nest.
 17276 | Lair:4   | Reached skill level 13 in Long Blades
 17283 | Lair:4   | Received a gift from Trog
 17771 | Lair:4   | Reached skill level 10 in Stealth
 17974 | Lair:5   | Reached XP level 14. HP: 93/127 MP: 14/17
 18177 | Lair:5   | Received a gift from Trog
 19408 | Lair:6   | Reached ****** piety under Trog
 20053 | Lair:6   | Received a gift from Trog
 20540 | Lair:7   | Reached skill level 14 in Long Blades
 21477 | Lair:8   | Entered Level 8 of the Lair of Beasts
 21692 | Lair:8   | Received a gift from Trog
 21986 | Lair:8   | Reached skill level 10 in Fighting
 22027 | Lair:8   | Reached XP level 15. HP: 117/138 MP: 11/18
 22153 | Lair:8   | Found a staircase to the Slime Pits.
 22164 | Lair:8   | Reached skill level 5 in Shields
 22810 | Lair:8   | Reached skill level 10 in Armour
 22873 | Lair:8   | Received a gift from Trog
 23296 | Lair:8   | Got an ancient demon blade
 23307 | Lair:8   | Identified the +10 demon blade "Plog" {drain, +Inv rC- MR+ Stlth+} (You found it on level 8 of the Lair of Beasts)
 23796 | D:11     | Noticed Erica
 23801 | D:11     | Killed Erica
 23873 | D:11     | Found a roughly hewn altar of Beogh.
 23873 | D:11     | Found a staircase to the Orcish Mines.
 24516 | D:11     | Gained mutation: You have a pair of small horns on your head. [mutagenic meat]
 24517 | D:11     | Gained mutation: You can exhale a cloud of poison. [mutagenic meat]
 24519 | D:11     | Gained mutation: You are somewhat resistant to further mutation. [mutagenic meat]
 24669 | D:11     | Received a gift from Trog
 24867 | Orc:1    | Entered Level 1 of the Orcish Mines
 24898 | Orc:1    | Found a dark tunnel.
 24909 | Volcano  | Entered a volcano
 25333 | Orc:2    | Entered Level 2 of the Orcish Mines
 25354 | Orc:2    | Noticed Donald
 25364 | Orc:2    | Killed Donald
 25427 | Orc:2    | Found a staircase to the Elven Halls.
 25440 | Orc:2    | Received a gift from Trog
 25498 | Orc:1    | Found Vygakas's Jewellery Shop.
 25885 | Orc:2    | Found Fuled's Food Emporium.
 25953 | Orc:2    | Reached skill level 15 in Long Blades
 25963 | Orc:2    | Found Cobull's Jewellery Shoppe.
 26288 | Orc:2    | Reached XP level 16. HP: 147/148 MP: 17/19
 26327 | Orc:2    | Found Hoekh's Gadget Shop.
 26336 | Orc:2    | Found Viagal's Antique Weapon Emporium.
 26431 | Orc:2    | Received a gift from Trog
 26887 | D:7      | Bought a +0 crystal plate armour for 1120 gold pieces
 26994 | Temple   | Entered the Ecumenical Temple
 27079 | Temple   | Fell from the grace of Trog
 27079 | Temple   | Became a worshipper of Makhleb the Destroyer
 27170 | D:7      | Bought the ring "Picral" {MR+ Str+6 Int-5} for 375 gold pieces
 27182 | D:7      | Bought a potion of heal wounds for 55 gold pieces
 27547 | D:12     | Reached * piety under Makhleb
 27576 | D:12     | Found a glowing golden altar of the Shining One.
 27612 | D:12     | Found Oraener's Book Shoppe.
 27623 | D:12     | Reached skill level 1 in Invocations
 28004 | D:13     | Found a gate to the Vaults.
 28052 | D:13     | Reached ** piety under Makhleb
 28296 | D:13     | Noticed a storm dragon
 28309 | D:13     | Killed a storm dragon
 28426 | D:13     | Got an ancient emerald amulet
 28428 | D:13     | Identified the amulet "Ekuowel" {RegenMP +Fly Str-3 Int+4} (You found it on level 13 of the Dungeon)
 28492 | D:13     | Noticed Sonja
 28557 | D:13     | Noticed Frances
 28571 | D:13     | Killed Frances
 28580 | D:13     | Found a flagged portal.
 28588 | Bailey   | Entered a bailey
 28676 | Bailey   | Found an iron altar of Okawaru.
 28957 | Bailey   | Reached *** piety under Makhleb
 29750 | D:13     | Killed Sonja
 29750 | D:13     | Reached **** piety under Makhleb
 30580 | D:14     | Reached skill level 5 in Invocations
 30887 | D:14     | Reached ***** piety under Makhleb
 31720 | D:15     | Entered Level 15 of the Dungeon
 31788 | D:14     | Reached XP level 17. HP: 157/157 MP: 21/21
 31925 | D:15     | Found a corrupted altar of Lugonu.
 32546 | D:15     | Found a staircase to the Depths.
 32651 | D:15     | Reached skill level 16 in Long Blades
 33111 | Swamp:1  | Entered Level 1 of the Swamp
 33762 | Swamp:1  | Reached ****** piety under Makhleb
 34120 | Swamp:1  | Paralysed by Trog for 2 turns
 35578 | Swamp:3  | Noticed Louise
 35588 | Swamp:3  | Killed Louise
 35686 | Swamp:3  | Was forgiven by Trog
 36612 | Swamp:3  | Reached XP level 18. HP: 166/168 MP: 20/24
 36845 | Swamp:4  | Entered Level 4 of the Swamp
 36869 | Swamp:4  | Noticed Aizul
 36882 | Swamp:4  | Killed Aizul
 37560 | Swamp:4  | Noticed the 27-headed Lernaean hydra
 37568 | Swamp:4  | Killed the 24-headed Lernaean hydra
 37661 | Swamp:4  | Got a decaying rune of Zot
 38217 | Elf:1    | Entered Level 1 of the Elven Halls
 38372 | Elf:1    | Found Tutir's Jewellery Shoppe.
 38396 | Elf:1    | Found Ricvarha's Distillery.
 38798 | Elf:1    | Bought a potion of curing for 39 gold pieces
 38798 | Elf:1    | Bought a potion of mutation for 32 gold pieces
 38798 | Elf:1    | Gained mutation: Your mind is acute. (Int +2) [potion of mutation]
 38798 | Elf:1    | Lost mutation: You can exhale a cloud of poison. [potion of mutation]
 38825 | Elf:1    | Noticed Moloch's ghost (adept DrFi)
 38854 | Elf:1    | Killed Moloch's ghost
 39028 | Elf:1    | Noticed Ijustatesigmund's ghost (journeyman OgHu)
 39069 | Elf:1    | Killed Ijustatesigmund's ghost
 39479 | Elf:1    | Reached skill level 10 in Invocations
 39517 | Elf:1    | Reached skill level 17 in Long Blades
 39667 | Elf:1    | Reached XP level 19. HP: 177/177 MP: 22/26
 39953 | Elf:2    | Found a runed gate.
 39953 | Elf:2    | Found a runed gate.
 39953 | Elf:2    | Found a runed gate.
 39982 | Elf:2    | Noticed crauler's ghost (veteran OgHu)
 40058 | Elf:2    | Killed crauler's ghost
 40450 | Elf:3    | Entered Level 3 of the Elven Halls
 40467 | Elf:3    | Noticed a Hell Sentinel
 40516 | Elf:3    | Noticed Mara
 40611 | Elf:3    | Noticed epen's illusion
 40621 | Elf:3    | Killed Mara
 40747 | Elf:3    | Found Zischero's Gadget Boutique.
 40802 | Elf:3    | Found a magical portal.
 40811 | WizLab   | Entered Iskenderun's Mystic Tower
 42543 | WizLab   | Identified Iskenderun's Compendium of Combat Magic (You found it in a wizard's laboratory)
 42543 | WizLab   | Identified Iskenderun's Handbook of Battle Magic (You found it in a wizard's laboratory)
 42553 | WizLab   | Identified the Tome of Gliding Confrontation (You found it in a wizard's laboratory)
 42794 | Elf:3    | Noticed a Hell Sentinel
 43233 | Elf:3    | Reached XP level 20. HP: 126/187 MP: 20/28
 43845 | Elf:3    | Noticed a Brimstone Fiend
 44262 | Elf:3    | Reached skill level 10 in Shields
 44477 | Elf:3    | Got a faintly glowing zirconium amulet
 44485 | Elf:3    | Identified the amulet of Atuiqom {Inacc rF+ MP+9 Str-4 Stlth+} (You found it on level 3 of the Elven Halls)
 44678 | Elf:3    | Identified the Papyrus of Conjuration
 45068 | Elf:1    | Bought the ring "Zemaluamm" {rElec rF- rC+++ Str+2 Dex+4} for 1042 gold pieces
 45257 | Vaults:1 | Entered Level 1 of the Vaults
 45457 | Vaults:1 | Noticed Wiglaf
 45477 | Vaults:1 | Killed Wiglaf
 46793 | Vaults:2 | Gained mutation: Your muscles are strong. (Str +2) [mutagenic meat]
 46796 | Vaults:2 | Gained mutation: Your flesh is cold resistant. [mutagenic meat]
 47285 | Vaults:2 | Found Boedwoiwyl's Antique Armour Shop.
 47300 | Vaults:2 | Reached XP level 21. HP: 195/195 MP: 30/30
 47640 | Vaults:2 | Found a staircase to the Crypt.
 48758 | Vaults:3 | Found Lidwijisk's Magic Scroll Shoppe.
 48762 | Vaults:3 | Bought a scroll of blinking for 120 gold pieces
 49133 | Vaults:3 | Gained mutation: You can translocate small distances at will. [mutagenic meat]
 49226 | Vaults:3 | Gained mutation: You are occasionally teleported next to monsters. [mutagenic meat]
 49465 | Vaults:4 | Gained mutation: Your magical capacity is low (-10% MP). [mutagenic meat]
 49481 | Vaults:4 | Gained mutation: You tend to lose your temper in combat. [mutagenic meat]
 49498 | Vaults:4 | Lost mutation: You tend to lose your temper in combat. [mutagenic meat]
 49513 | Vaults:3 | Gained mutation: Your tail ends in a poisonous barb. [mutagenic meat]
 49515 | Vaults:3 | Lost mutation: Your muscles are strong. (Str +2) [mutagenic meat]
 49521 | Vaults:3 | Lost mutation: Your magical capacity is low (-10% MP). [mutagenic meat]
 49533 | Vaults:4 | Reached skill level 18 in Long Blades
 50321 | Vaults:5 | Entered Level 5 of the Vaults
 50395 | Vaults:5 | Reached XP level 22. HP: 206/206 MP: 32/32
 50429 | Vaults:5 | Reached skill level 15 in Armour
 50537 | Vaults:5 | Killed from afar by a titan

Vault maps used:
D:1:      dpeg_arrival_rooms_c
D:2:      fedhas_altar_fruit_tree, overflow_temple_1_default, first_bread,
          hangedman_feature_mirror, grunt_decor_resistance
D:3:      nemelex_deck, tgw_sif, uniq_sigmund
D:4:      serial_shops, shop, uniq_menkaure
D:5:      bloody_trog, corexii_item_surrounded_by_moat,
          johnstein_pakellas_death_squad
D:6:      minmay_small_thing
D:7:      serial_shops, shop, nicolae_shop_behind_doors, shop_statue, shop,
          shop, kennysheep_small_circle, uniq_pikel
D:8:      kennysheep_ambush_hall, tso_metal_star
D:9:      okawaru_metal_pillars_1_2, nicolae_gozag_zags_fifth_avenue,
          ldierk_geyser, grunt_ogre_cave
D:10:     due_lair_maze_entry_diamond, serial_shops, shop
D:11:     david_orc_5, elyvilon_altar_1, uniq_erica
D:12:     basic_altar, serial_shops, nicolae_shop_crystal, special_room
D:13:     minmay_textured_paths, lightli_vaults_fourway_checkpoint,
          enter_bailey_2, kennysheep_diamond, minmay_protected_statue,
          uniq_sonja, uniq_frances
D:14:     roderic_lattice_a
D:15:     hangedman_depths_entry_try_elsewhere_first, serial_glass,
          glass_columns_b, glass_columns_a, glass_columns_a, glass_columns_a,
          glass_columns_b, glass_columns_b, glass_columns_b, glass_columns_a,
          glass_columns_b, glass_columns_c, glass_columns_b, glass_columns_a,
          glass_columns_b, glass_columns_a, lemuel_hellish_altar
Temple:   circular_temple_12
Lair:1:   beast_lair_carwin_large_4, uniq_gastronok
Lair:2:   forest_entry_grove
Lair:3:   dragon1_lemuel, minmay_swamp_entry_swarm,
          hangedman_lair_unloving_vines, grunt_megastairs_3
Lair:4:   spider_nest_entry_web_field, grunt_megastairs_5
Lair:5:   special_room, hibernation_bobbens, lemuel_fruit_fields,
          grunt_megastairs_4
Lair:6:   serial_bayou_ford_a, lemuel_fruit_fields, infiniplex_staircase_pool
Lair:7:   lemuel_fruit_tree
Lair:8:   guppyfry_lair_end_dragon, hangedman_lair_caniforms_friends,
          minmay_slime_entry_oklob_enclosed
Swamp:1:  serial_swamp_ruin, evilmike_swamp_ruin_house_6,
          hangedman_swamp_ruin_hall, nicolae_swamp_hydra_murder_den
Swamp:2:  evilmike_swamp_ruin_house_5, swamp_pool3, hangedman_swamp_cone,
          cheibrodos_swamp_minitomb
Swamp:3:  evilmike_swamp_ruin_house_1, swamp_pool1, infiniplex_staircase_pool_2,
          uniq_louise
Swamp:4:  grunt_swamp_rune_castle, uniq_aizul
Orc:1:    enter_volcano_2, serial_shops, nicolae_shop_statue_plus
Orc:2:    st_orc_open, uniq_donald
Elf:1:    elf_arrival_002, serial_shops, shop, shop, minivault_28,
          elves_outpost_lemuel
Elf:3:    minmay_elf_hall_dome, serial_shops, shop, mu_enter_wizlab_6,
          nicolae_elf_glass_and_crystal_pillar_1, kennysheep_underground_church,
          uniq_mara
Vaults:1: v_misc_25, ontoclasm_vaults_hangar, v_misc_30,
          nicolae_vaults_little_squares_4, vaults_room_corners,
          ontoclasm_vaults_spin, nicolae_vaults_little_squares_3, uniq_wiglaf
Vaults:2: dpeg_vaults_monster_row, hangedman_vaults_restitches,
          minmay_crypt_entry_simple_statues, v_misc_16, v_alt_pattern_1,
          ontoclasm_vaults_decontamination, grunt_vaults_trifunnel,
          grunt_vaults_swirl, nicolae_vaults_little_squares_2,
          vaults_mumra_chevron_long, ontoclasm_vaults_loading_screen,
          vaults_room_hallway, serial_ice_h, serial_shops, shop
Vaults:3: nicolae_vaults_murderbox, grunt_vaults_funnel,
          nicolae_vaults_circle_grid_a, v_misc_30, nicolae_vaults_circle_grid_b,
          v_misc_25, v_rooms_4, vaults_room_grunt_arrival_ludios,
          vaults_standard_mumra_lines, vaults_room_ringed_pool,
          hangedman_vaults_nails, nicolae_vaults_big_angled_halls,
          vaults_dpeg_diagonal, v_alt_pattern_3, v_misc_25, grunt_vaults_focal,
          nicolae_vaults_little_squares_5, ontoclasm_vaults_loading_screen,
          serial_shops, nicolae_shop_stone
Vaults:4: v_misc_15, nicolae_vaults_angled_halls, nicolae_vaults_what_the_h,
          hangedman_vaults_maws, nicolae_vaults_little_ls, vaults_room_pool
Vaults:5: serial_shops
Bailey:   bailey_axe_of_yendor_kennysheep, bailey
Volcano:  volcano_tomb
WizLab:   wizlab_iskenderun

Skill      XL: |  1  2  3  4  5  6  7  8  9 10 11 12 13 14 15 16 17 18 19 20 21 22 |
---------------+-------------------------------------------------------------------+-----
Dodging        | 3 4 5 6 7 8 9 10 11 12 13 | 13.7
Stealth        | 2 3 5 6 8 10 | 10.0
Long Blades    | 4 5 6 7 8 10 11 12 13 14 15 16 17 18 | 18.1
Armour         | 1 2 3 4 5 6 8 9 10 11 12 13 14 15 | 15.1
Fighting       | 3 4 6 7 8 10 11 12 13 14 | 14.2
Shields        | 1 3 4 6 7 8 9 10 11 12 | 12.0
Evocations     | 2 4 5 6 |  6.0
Invocations    | 5 8 10 11 13 14 | 14.4
Throwing       | |  1.7

Action                   |  1- 3 |  4- 6 |  7- 9 | 10-12 | 13-15 | 16-18 | 19-21 | 22-24 || total
-------------------------+-------+-------+-------+-------+-------+-------+-------+-------++-------
Melee: Long sword        |   152 |   177 |   309 |       |       |       |       |       ||   638
       Triple sword      |       |       |   130 |    40 |       |       |       |       ||   170
       Scimitar          |       |       |       |   626 |  1027 |   726 |   458 |       ||  2837
       Constrict         |       |       |       |       |   255 |   296 |   265 |     9 ||   825
       Demon blade       |       |       |       |       |   286 |   925 |   878 |    63 ||  2152
       Headbutt          |       |       |       |       |    42 |   513 |   456 |    21 ||  1032
       Tailslap          |       |       |       |       |       |       |    30 |    16 ||    46
Throw: Throwing net      |       |       |     1 |       |       |       |       |       ||     1
Invok: Burn Spellbooks   |       |       |       |     2 |     2 |       |       |       ||     4
       Berserk           |       |       |       |     3 |     5 |       |       |       ||     8
       Brothers in Arms  |       |       |       |       |     1 |       |       |       ||     1
       Lesser Servant of |       |       |       |       |       |     3 |     2 |       ||     5
       Greater Servant o |       |       |       |       |       |     2 |    12 |     4 ||    18
       Major Destruction |       |       |       |       |       |       |     4 |       ||     4
       Minor Destruction |       |       |       |       |       |       |     2 |       ||     2
 Abil: Spit Poison       |       |    11 |    31 |    27 |    16 |     2 |     1 |       ||    88
       Breathe Poison Ga |       |       |       |       |     6 |    28 |       |       ||    34
       Blink             |       |       |       |       |       |       |     1 |       ||     1
Evoke: Deck              |       |     4 |       |       |       |       |       |       ||     4
       Wand              |       |       |       |       |     1 |     3 |     3 |       ||     7
  Use: Scroll            |       |     9 |    11 |    19 |     5 |    15 |     6 |     2 ||    67
       Potion            |       |     1 |       |     1 |       |     8 |     1 |     1 ||    12
 Stab: Sleeping          |       |     2 |     3 |     8 |    10 |       |       |       ||    23
       Distracted        |       |       |     1 |     1 |     2 |     2 |     7 |     1 ||    14
  Eat: Chunk             |       |     8 |    13 |    18 |    35 |    27 |    59 |       ||   160
       Royal jelly       |       |       |     2 |       |     1 |     6 |     4 |       ||    13
       Beef jerky        |       |       |     2 |     1 |       |     1 |       |       ||     4
       Meat ration       |       |       |     1 |       |       |       |     1 |       ||     2
       Pizza             |       |       |       |     1 |       |     2 |     1 |       ||     4
       Bread ration      |       |       |       |       |     1 |       |       |       ||     1
       Fruit             |       |       |       |       |       |     2 |       |       ||     2
Armor: Leather armour    |    20 |       |       |       |       |       |       |       ||    20
       Ring mail         |    67 |   133 |   260 |       |       |       |       |       ||   460
       Scale mail        |       |       |   143 |   370 |   731 |     6 |       |       ||  1250
       Crystal plate arm |       |       |       |       |       |  1244 |   562 |    27 ||  1833
Dodge: Dodged            |    71 |   102 |   316 |   372 |   717 |   320 |   190 |    14 ||  2102
Block: Buckler           |       |       |    16 |   112 |   279 |       |       |       ||   407
       Shield            |       |       |       |       |    56 |   841 |   555 |    23 ||  1475
